 Dungeon Crawl Stone Soup version 0.24.0-125-gc4c63601f3 (webtiles) character file.

Game seed: 9174396648791815751, levelgen mode: deterministic

372 Curus the Agent of Entropy (level 6, 0/51 HPs)
             Began as a Hill Orc Abyssal Knight on Mar 20, 2020.
             Was a Priest of Lugonu.
             Slain by a gnoll
             ... wielding a +0 spear
              (2 damage)
             ... on level 3 of the Dungeon.
             The game lasted 00:16:34 (3131 turns).

Curus the Agent of Entropy (HOAK)                   Turns: 3131, Time: 00:16:35

Health: 0/51       AC:  6    Str: 15      XL:     6   Next: 71%
Magic:  10/10      EV:  6    Int: 12      God:    Lugonu [***...]
Gold:   288        SH:  0    Dex: 13 (14) Spells: 5/5 levels left

rFire    . . .     SeeInvis .   l - +1 trident (venom)
rCold    . . .     Gourm    .   (no shield)
rNeg     . . .     Faith    .   o - +1 chain mail {rPois}
rPois    +         Spirit   .   (no helmet)
rElec    .         Reflect  .   m - scarf {cloud immunity}
rCorr    .         Harm     .   e - +0 pair of gloves
MR       .....                  (no boots)
Stlth    ..........             (no amulet)
HPRegen  0.17/turn              d - +2 ring of dexterity
MPRegen  0.12/turn              i - ring of flight

@: no status effects
A: talons 1, deformed body, mutation resistance 1
a: Depart the Abyss, Bend Space, Banish, Renounce Religion, Evoke Flight


You were on level 3 of the Dungeon.
You worshipped Lugonu.
Lugonu was most pleased with you.
You were hungry.

You visited 1 branch of the dungeon, and saw 3 of its levels.
You visited the Abyss 1 time.

You collected 288 gold pieces.

Inventory:

Hand Weapons
 a - a +2 hand axe
 l - a +1 trident of venom (weapon)
Armour
 b - a +0 leather armour
 e - a +0 pair of gloves (worn)
 h - a +0 chain mail
 m - a scarf of cloud immunity (worn)
 o - a +1 chain mail of poison resistance (worn)
Jewellery
 d - a +2 ring of dexterity (left hand)
 i - a ring of flight (right hand)
Scrolls
 f - 3 scrolls of identify
 j - a scroll of fear
Potions
 g - 3 potions of curing
 k - a potion of brilliance
Comestibles
 c - 6 rations


   Skills:
 - Level 3.6 Fighting
 - Level 5.6(6.1) Axes
 + Level 2.7(4.0) Polearms
 - Level 2.1 Armour
 - Level 0.7 Dodging
 + Level 6.6 Invocations


You had 5 spell levels left.
You didn't know any spells.
Your spell library was empty.

Dungeon Overview and Level Annotations

Branches:
Dungeon (3/15)

Altars:
Qazlal


Innate Abilities, Weirdness & Mutations

You have sharp toenails.
Armour fits poorly on your strangely shaped body.
You are somewhat resistant to further mutation.


Message History

The jackal bites you but does no damage.
The gnoll hits you but does no damage.
A gnoll comes into view.
The jackal bites you.
* * * LOW HITPOINT WARNING * * *
You miss the jackal.
The gnoll shouts!
The gnoll barely misses you.
The jackal bites you but does no damage.
The gnoll hits you but does no damage.
You closely miss the jackal. Your kick misses the jackal. The jackal bites you.
* * * LOW HITPOINT WARNING * * *
The gnoll hits you but does no damage.
The jackal bites you but does no damage.
The gnoll hits you from afar with a +0 spear!
* * * LOW HITPOINT WARNING * * *
The jackal bites you but does no damage.
The gnoll barely misses you.
The gnoll hits you from afar with a +0 spear.
You die...

..##........####.
..#####..##.# ..#
#.###.# # .##
#.###.######.## .
#.............# .
#########.##..#
#####÷.)#..#
##.....#....#
####.......@#..#
....#......h...#
#.....g.###.#
##...).g###.#
#######)##.....#
#.........)†)#.#
...###.)###....
#.........#
..........%..


You could see 2 gnolls and a jackal.

Vanquished Creatures
  A centaur (D:3)
  A gnoll shaman (D:3)
  An orc wizard (D:3)
  Terence (D:2)
  5 gnolls (D:3)
  4 adders
  A shadow imp (D:3)
  An ooze (D:1)
  A worm (D:3)
  3 dart slugs
  5 leopard geckos
  8 orcs (D:3)
  6 giant cockroaches
  A goblin (D:3)
  14 hobgoblins
  9 jackals
  A quokka (D:3)
  7 bats
  11 frilled lizards
  10 kobolds
  7 rats
98 creatures vanquished.

Notes
Turn   | Place    | Note
-------+----------+-------------------------------------------
     0 | Abyss:1  | Curus the Hill Orc Abyssal Knight began the quest for the
                  | Orb.
     0 | Abyss:1  | Reached XP level 1. HP: 19/19 MP: 2/2
    45 | D:1      | Escaped the Abyss
   378 | D:1      | Reached skill level 3 in Invocations
   378 | D:1      | Reached XP level 2. HP: 21/26 MP: 2/4
   779 | D:1      | Reached XP level 3. HP: 28/31 MP: 5/5
   983 | D:1      | Reached ** piety under Lugonu
  1220 | D:2      | Noticed a water elemental
  1222 | D:2      | Found a stormy altar of Qazlal.
  1224 | D:2      | Noticed an air elemental
  1224 | D:2      | Noticed Terence
  1225 | D:2      | Noticed a fire elemental
  1225 | D:2      | Noticed an earth elemental
  1257 | D:1      | Reached skill level 4 in Invocations
  1708 | D:2      | Reached XP level 4. HP: 39/39 MP: 7/7
  1809 | D:2      | Killed Terence
  1969 | D:2      | Reached skill level 5 in Axes
  2148 | D:3      | Reached XP level 5. HP: 45/45 MP: 8/8
  2207 | D:3      | Reached skill level 5 in Invocations
  2211 | D:3      | Reached *** piety under Lugonu
  2812 | D:3      | Noticed a centaur
  2836 | D:3      | Killed a centaur
  2836 | D:3      | Reached skill level 6 in Invocations
  2836 | D:3      | Reached XP level 6. HP: 20/51 MP: 10/10
  3102 | D:3      | Gained mutation: You have sharp toenails. [potion of
                  | mutation]
  3102 | D:3      | Gained mutation: Armour fits poorly on your strangely
                  | shaped body. [potion of mutation]
  3102 | D:3      | Gained mutation: You are somewhat resistant to further
                  | mutation. [potion of mutation]
  3127 | D:3      | HP: 1/51 [gnoll/+0 spear (10)]
  3131 | D:3      | Slain by a gnoll

Levels and vault maps discovered:
D:1:      dpeg_arrival_rooms_with_view, layout_basic, minmay_cut_off
D:2:      layout_rooms, nicolae_qazlal_style_of_elements, minmay_circled_x,
          uniq_terence
D:3:      lemuel_castle_with_subvaults [lemuel_castle_interior_carwin_1],
          layout_loops_ring, first_ration

Skill      XL: |  1  2  3  4  5 |
---------------+----------------+-----
Axes           | 3 4 5 |  5.6
Invocations    | 3 4 6 |  6.6
Polearms       | 2 |  2.7
Fighting       | |  3.6
Armour         | |  2.1
Dodging        | |  0.7

Action                   |  1- 3 |  4- 6 || total
-------------------------+-------+-------++-------
Melee: Hand axe          |   130 |   185 ||   315
       Trident           |       |    85 ||    85
       Kick              |       |     4 ||     4
Invok: Bend Space        |     1 |       ||     1
  Use: Scroll            |     4 |     2 ||     6
       Potion            |     2 |     4 ||     6
 Stab: Sleeping          |     2 |       ||     2
  Eat: Chunk             |     3 |     4 ||     7
Armor: Leather armour    |    20 |       ||    20
       Chain mail        |     7 |   220 ||   227
Dodge: Dodged            |    71 |    98 ||   169
